 Dungeon Crawl Stone Soup version 0.30-a0-860-g512cf1e (webtiles) character file.

Game seed: 9425164632270722544

88 Nithhogg the Trooper (level 4, -5/41 HPs)
             Began as a Hill Orc Fighter on Mar 7, 2023.
             Killed by divine providence
             ... invoked by an orc priest
              (13 damage)
             ... on level 3 of the Dungeon.
             The game lasted 00:06:33 (1907 turns).

Nithhogg the Trooper (Hill Orc Fighter)             Turns: 1907, Time: 00:06:34

Health: -5/41      AC: 10    Str: 20    XL:     4   Next: 53%
Magic:  4/4        EV:  9    Int:  8    God:
Gold:   122        SH:  0    Dex: 10    Spells: 3/3 levels left

rFire   . . .      SeeInvis .    a - +0 war axe
rCold   . . .      Faith    .    (no shield)
rNeg    . . .      Spirit   .    b - +0 scale mail
rPois   .          Reflect  .    (no helmet)
rElec   .          Rampage  .    (no cloak)
rCorr   .                        j - +2 pair of gloves
Will    .....                    (no boots) Stlth
                                 (no amulet)
HPRegen 0.26/turn                (no ring)
MPRegen 0.09/turn                (no ring)

@: no status effects
A: no striking features
a: Convert to Beogh


You were on level 3 of the Dungeon.
You visited 1 branch of the dungeon, and saw 3 of its levels.

You collected 122 gold pieces.

Inventory:

Hand Weapons
 a - a +0 war axe (weapon)
Armour
 b - a +0 scale mail (worn)
 c - a +0 buckler
 j - a +2 pair of gloves (worn)
Jewellery
 s - a +4 ring of slaying
 w - a ring of see invisible
Wands
 v - a wand of digging (7)
Scrolls
 g - 2 scrolls of identify {unknown}
 h - 2 scrolls of enchant weapon {unknown}
 i - a scroll of poison {unknown}
 k - a scroll of blinking {unknown}
 o - a scroll of noise {unknown}
 x - a scroll of magic mapping {unknown}
Potions
 d - a potion of might
 e - a potion of attraction {unknown}
 f - a potion of berserk rage {unknown}
 l - a potion of mutation {unknown}
 m - a potion of cancellation {unknown}
 n - a potion of invisibility {unknown}
 p - a potion of brilliance {unknown}
 q - a potion of curing {unknown}
 r - a potion of resistance {unknown}
 t - a potion of flight {unknown}
 u - a potion of heal wounds {unknown}


   Skills:
 + Level 4.6 Fighting
 + Level 4.1 Axes
 + Level 4.2 Armour
 - Level 3.2 Shields


You had 3 spell levels left.
You didn't know any spells.
Your spell library was empty.

Dungeon Overview and Level Annotations

Branches:
Dungeon (3/15)

Altars:


Message History

You are confused.
You're too confused to move!
You're too confused to move!
The orc hits you but does no damage. The orc priest hits you with a +0 mace!
You hit the orc priest.
You punch the orc priest, but do no damage.
The orc priest is heavily wounded.
You closely miss the orc wizard. You hit the orc.
The orc hits you but does no damage. The orc wizard closely misses you.
The orc priest calls down the wrath of Beogh upon you.
Pain shoots through your body!
You barely miss the orc priest.
The orc priest is heavily wounded.
The orc priest shouts, "Beogh is our master!
Accept the truth or die!"
You slash the orc wizard! You completely miss the orc.
You feel less confused.
The orc priest shouts, "Surrender to Beogh and we'll let you live!"
The orc hits you but does no damage.
The orc wizard hits you but does no damage.
The orc priest calls down the wrath of Beogh upon you.
Pain shoots through your body!
You barely miss the orc priest.
The orc priest is heavily wounded.
You slash the orc!
You kill the orc!
You hit the orc wizard. The orc wizard closely misses you.
The orc priest shouts, "Surrender to Beogh and we'll let you live!"
The orc priest hits you with a +0 mace.
You hit the orc priest.
The orc priest is severely wounded.
You hit the orc wizard but do no damage.
The orc wizard points at you and mumbles some strange words.
The magic dart hits you!
* * * LOW HITPOINT WARNING * * *
The orc priest hits you but does no damage.
The orc wizard hits you with a +0 dagger.
* * * LOW HITPOINT WARNING * * *
The orc priest mumbles some strange prayers to Beogh against you.
Beogh smites you!
You die...

.....# ..#####
8#...######......#
##...#....#......#
.#.'.#.##.#......#
.#.###.##.#......# ###
.#......#.#......+ ..#
#..###..#.#......#####.# #..#
#..#.#..........#.# #..#
...#.#....o@.##.#.####### ....
#.##.#....o)###.#.......#
...#<#..#.#......##.....####.#
.######.#.#......##........#.###
. .#.#......##...#.#......# #
#######.#########...#.#..#.#.#
....................#.####.#.#
#######.............#......#.#
############.#########.#


You could see an orc priest and an orc wizard.

Vanquished Creatures
  3 adders
  2 worms (D:3)
  2 dart slugs (D:1)
  2 orcs (D:3)
  5 bats
  2 endoplasms
  A giant cockroach (D:1)
  5 goblins
  2 hobgoblins
  4 jackals (D:1)
  2 quokkas
  5 ball pythons
  3 frilled lizards (D:2)
  3 kobolds
  7 rats
48 creatures vanquished.

Notes
Turn   | Place    | Note
-------+----------+-------------------------------------------
     0 | D:1      | Nithhogg the Hill Orc Fighter began the quest for the Orb.
     0 | D:1      | Reached XP level 1. HP: 19/19 MP: 1/1
   203 | D:1      | Reached XP level 2. HP: 27/27 MP: 2/2
   351 | D:1      | Reached XP level 3. HP: 30/33 MP: 3/3
  1072 | D:3      | Reached XP level 4. HP: 41/41 MP: 4/4
  1907 | D:3      | Killed from afar by an orc priest

Illustrated notes

Levels and vault maps discovered:
D:1:      heliophobic_arrival_dark_side_of_the_moon, layout_basic
D:2:      layout_rooms
D:3:      layout_basic, shapermc_ecumenical_altar_mp_vishouse,
          roderic_roman_lattice

Skill      XL: |  1  2  3  4 |
---------------+-------------+-----
Axes           | 3 4 |  4.1
Fighting       | 4 |  4.6
Armour         | 4 |  4.2
Shields        | |  3.2

Action                     |  1- 3 |  4- 6 || total
---------------------------+-------+-------++-------
  Melee: War axe           |    82 |    31 ||   113
         Punch             |       |     1 ||     1
 Armour: Scale mail        |    55 |    26 ||    81
  Dodge: Dodged            |    45 |    12 ||    57

Table legend: (Time is in decaauts)
 A = Elapsed time spent in this place.
 B = Non-inter-level travel time spent in this place.
 C = Inter-level travel time spent in this place.
 D = Time resting spent in this place.
 E = Time spent auto-exploring this place.
 F = Levels seen in this place.
 G = Mean time per level.
                   A        B        C        D        E       F      G
               +--------+--------+--------+--------+--------+-----+--------+
         Total |   1943 |   1900 |     43 |      0 |   1577 |   3 |  647.7 |
       Dungeon |   1943 |   1900 |     43 |      0 |   1577 |   3 |  647.7 |
               +--------+--------+--------+--------+--------+-----+--------+

Top non-repeatable levels by time:
     D:3: 867 daAuts
     D:1: 738 daAuts
     D:2: 336 daAuts
